 Dungeon Crawl Stone Soup version 0.29-a0-380-gf50f0a9fbc (webtiles) character file.

Game seed: 7194132795217915379

35 ryw the Skirmisher (level 3, -1/31 HPs)
             Began as a Demonspawn Monk on May 5, 2022.
             Was a High Priest of Ignis.
             Slain by a gnoll
             ... wielding a +0 flail
              (6 damage)
             ... on level 2 of the Dungeon.
             The game lasted 00:02:06 (1112 turns).

ryw the Skirmisher (Demonspawn Monk)                Turns: 1112, Time: 00:02:07

Health: -1/31      AC:  9    Str: 11    XL:     3   Next: 16%
Magic:  3/3        EV:  5    Int: 11    God:    Ignis [*****.]
Gold:   55         SH:  0    Dex: 17    Spells: 2/2 levels left

rFire   + + .      SeeInvis .     - Unarmed
rCold   x . .      Faith    .   (no shield)
rNeg    + . .      Spirit   .   c - +0 chain mail
rPois   .          Reflect  .   (no helmet)
rElec   .          Harm     .   (no cloak)
rCorr   .          Rampage  .   (no gloves)
Will    .....                   k - +0 pair of boots
Stlth   ..........              (no amulet)
HPRegen 0.10/turn               i - ring of fire
MPRegen 0.08/turn               d - ring of positive energy

@: no status effects
A: weakness stinger 1
a: Renounce Religion, Fiery Armour, Foxfire Swarm, Rising Flame


You were on level 2 of the Dungeon.
You worshipped Ignis.
Ignis was extremely pleased with you.
You visited 1 branch of the dungeon, and saw 2 of its levels.

You collected 55 gold pieces.

Inventory:

Hand Weapons
 b - a +0 hunting sling of flaming
Armour
 a - a +0 robe
 c - a +0 chain mail (worn)
 k - a +0 pair of boots (worn)
Jewellery
 d - a ring of positive energy (right hand)
 i - a ring of fire (left hand)
Scrolls
 m - a scroll of identify {unknown}
 n - a scroll of torment {unknown}
 o - a scroll of enchant weapon {unknown}
Potions
 e - a potion of attraction {unknown}
 f - a potion of cancellation {unknown}
 g - a potion of curing {unknown}
 h - a potion of invisibility {unknown}
 j - a potion of ambrosia
 l - 2 potions of heal wounds {unknown}
 p - a potion of lignification {unknown}


   Skills:
 + Level 4.3 Fighting
 - Level 2.6 Dodging
 - Level 1.7 Stealth
 - Level 2.6 Unarmed Combat


You had 2 spell levels left.
You didn't know any spells.
Your spell library contained the following spells:

 Spells                   Type           Power      Damage    Failure   Level
 Conjure Flame            Conj/Fire      0%         6-21      100%        3
 Ignite Poison            Fire/Tmut/Pois 0%         N/A       100%        3
 Sticky Flame             Conj/Fire      0%         2d3       100%        4


Dungeon Overview and Level Annotations

Branches:
Dungeon (2/15)

Altars:
Ignis


Innate Abilities, Weirdness & Mutations

You have a small tail.


Message History

The gnoll is almost dead.
You hit the gnoll.
You kill the gnoll!
Your Fighting skill increases to level 4!
You hit the gnoll but do no damage.
Your tail-slap misses the gnoll.
The gnoll is severely wounded.
The gnoll barely misses you.
You barely miss the gnoll.
The gnoll is severely wounded.
The gnoll hits you but does no damage.
You closely miss the gnoll. You tail-slap the gnoll.
The gnoll is almost dead.
The gnoll hits you with a +0 club.
You hit the gnoll.
You kill the gnoll!
You have reached level 3!
Your experience leads to an increase in your attributes!
Increase (S)trength, (I)ntelligence, or (D)exterity?
You feel agile. x2
You hit the gnoll.
The gnoll is lightly wounded.
The gnoll hits you but does no damage.
You hit the gnoll but do no damage.
The gnoll is lightly wounded.
The gnoll hits you but does no damage.
You hit the gnoll.
The gnoll is moderately wounded.
The gnoll hits you with a +0 flail!
* * * LOW HITPOINT WARNING * * *
You hit the gnoll but do no damage.
The gnoll is moderately wounded.
The gnoll completely misses you.
You closely miss the gnoll. You tail-slap the gnoll.
The gnoll is severely wounded.
The gnoll hits you with a +0 flail.
* * * LOW HITPOINT WARNING * * *
You hit the gnoll.
The gnoll is severely wounded.
The gnoll hits you with a +0 flail.
You die...

..####### #.#
........# #.#
..#####.# #.# ..#
#.# #.# .## #.# #.#
## #.# #.#
#######.#####.#
............#.######
##.......^.....[@g.#
##.####.#####.####.#
## #.# #.# ... # #.#
#.# .### # #.# #.#
.# . #.# ... .# .
.#. ... .. ... .#


You could see a gnoll.

Vanquished Creatures
  2 gnolls (D:2)
  A dart slug (D:1)
  2 ball pythons (D:1)
  2 bats (D:1)
  An endoplasm (D:1)
  3 kobolds (D:1)
  A quokka (D:1)
  2 rats (D:1)
14 creatures vanquished.

Vanquished Creatures (others)
  3 foxfires (D:1)
3 creatures vanquished.

Grand Total: 17 creatures vanquished

Notes
Turn   | Place    | Note
-------+----------+-------------------------------------------
     0 | D:1      | ryw the Demonspawn Monk began the quest for the Orb.
     0 | D:1      | Reached XP level 1. HP: 18/18 MP: 1/1
    91 | D:1      | Found a faded altar of an unknown god.
   261 | D:1      | Prayed at the altar of an unknown god.
   261 | D:1      | Became a worshipper of Ignis, the Dying Flame
   261 | D:1      | Reached ****** piety under Ignis
   409 | D:1      | Gained mutation: You have a small tail. [demonic ancestry]
   409 | D:1      | Reached XP level 2. HP: 9/24 MP: 2/2
  1103 | D:2      | Reached skill level 4 in Fighting
  1107 | D:2      | Reached XP level 3. HP: 16/31 MP: 3/3
  1112 | D:2      | Slain by a gnoll

Illustrated notes

Levels and vault maps discovered:
D:1:      psy_arrival_radial02, layout_rooms, ebering_ecumenical_altar_webs,
          minmay_vboxes
D:2:      layout_loops_ring

Skill      XL: |  1  2 |
---------------+-------+-----
Fighting       | 4 |  4.3
Dodging        | |  2.6
Stealth        | |  1.7
Unarmed Combat | |  2.6

Action                   || total
-------------------------++-------
Melee: Unarmed           ||    45
       Tailslap          ||     8
 Fire: Hunting sling     ||     2
Invok: Foxfire Swarm     ||     1
  Use: Scroll            ||     1
Armor: Chain mail        ||    32
Dodge: Dodged            ||    13

Table legend: (Time is in decaauts)
 A = Elapsed time spent in this place.
 B = Non-inter-level travel time spent in this place.
 C = Inter-level travel time spent in this place.
 D = Time resting spent in this place.
 E = Time spent auto-exploring this place.
 F = Levels seen in this place.
 G = Mean time per level.
                   A        B        C        D        E       F      G
               +--------+--------+--------+--------+--------+-----+--------+
         Total |   1109 |   1007 |    102 |      0 |    857 |   2 |  554.5 |
       Dungeon |   1109 |   1007 |    102 |      0 |    857 |   2 |  554.5 |
               +--------+--------+--------+--------+--------+-----+--------+

Top non-repeatable levels by time:
     D:1: 1015 daAuts
     D:2: 94 daAuts
